AoeStats
← |GaoeG| flamingo

Nomad

510186382Analyzed
3v3 RM · 18h ago on Sep 29, 2026· 44m 33s· 6 players
Game mode
Random Map
Map size
210×210
Population
200
Speed
Normal
Resources
Standard
Victory
Conquest
Starting age
Dark Age
Ending age
Imperial Age
RankedLock teamsTeams togetherTeam positionsShared explorationLock speedFull tech treeHidden civsTurbo modeCheats
Victory
Defeat
🇹🇷 Burgundians · Türkiye
1472
+8
🇺🇸 Lithuanians · United States
1436
+9
🇲🇽 Tatars · Mexico
1380
+11
🇪🇸 Spanish · Spain
1365
-12
🇪🇸 Berbers · Spain
1325
-10
🇪🇸 Koreans · Spain
1154
-6
botas.el.gato
11:04 Loom
13:39 Feudal Age
14:20 Double-Bit Axe
14:27 Town Watch
20:20 Castle Age
19:53 Forging
20:39 Fletching
21:26 Bow Saw
20:41 Crossbowman
21:54 Medium Warships
22:08 Bodkin Arrow
25:11 Ballistics
25:39 Padded Archer Armor
28:21 Fishing Lines
29:34 Leather Archer Armor
30:36 Horse Collar
33:42 Wheelbarrow
37:04 Imperial Age
35:38 Gillnets
38:20 Conscription
37:57 Elite Keshik
38:27 Elite Skirmisher
40:04 Bracer
40:37 Scale Barding Armor
41:51 Iron Casting
42:24 Masonry
42:59 Chain Barding Armor
43:56 Ring Archer Armor
43:56 Timurid Siegecraft
44:43 Silk Armor
Flyingsheep78
12:42 Feudal Age
14:40 Double-Bit Axe
19:40 Castle Age
17:34 Loom
17:41 Gold Mining
18:02 Fletching
20:40 Bow Saw
21:06 Medium Warships
24:30 Bodkin Arrow
24:53 Elite Skirmisher
26:50 Horse Collar
28:09 Padded Archer Armor
29:22 Leather Archer Armor
30:30 Stone Mining
31:25 Wheelbarrow
31:13 Ballistics
34:34 Imperial Age
32:26 Scale Barding Armor
32:31 Forging
33:29 Hand Cart
33:03 Fishing Lines
34:26 Chain Barding Armor
34:42 Iron Casting
34:22 Bloodlines
34:12 Husbandry
34:51 Stone Shaft Mining
34:17 Town Watch
35:37 Tower Shields
35:40 Bracer
36:56 Chemistry
36:07 Masonry
38:38 Plate Barding Armor
37:46 Elite Leitis
40:09 Conscription
45:09 Ring Archer Armor
g_ermeric
9:44 Loom
12:14 Feudal Age
12:43 Double-Bit Axe
18:06 Forging
19:17 Scale Barding Armor
21:08 Horse Collar
21:23 Fletching
21:20 Town Watch
26:14 Castle Age
27:02 Husbandry
26:30 Light Cavalry
28:01 Chain Barding Armor
37:17 Bow Saw
44:11 Wheelbarrow
ErafaE
8:40 Loom
15:34 Feudal Age
16:41 Double-Bit Axe
17:44 Wheelbarrow
18:25 Horse Collar
33:06 Castle Age
|GaoeG| flamingo
4:48 Loom
13:22 Feudal Age
17:45 Castle Age
16:22 Horse Collar
19:11 Double-Bit Axe
21:43 Fletching
21:55 Padded Archer Armor
27:08 Gold Mining
27:20 Heavy Plow
27:39 Bow Saw
29:12 Husbandry
30:28 Bloodlines
33:29 Wheelbarrow
32:55 Bodkin Arrow
33:15 Leather Archer Armor
39:15 Imperial Age
38:31 Kasbah
40:41 Bracer
42:30 Ballistics
42:52 Light Cavalry
44:52 Leather Archer Armor
44:43 Scale Barding Armor
JITANOmaleant7
5:10 Loom
14:01 Feudal Age
19:20 Castle Age
17:38 Gold Mining
19:06 Horse Collar
20:40 Double-Bit Axe
21:32 Bow Saw
29:13 Wheelbarrow
29:29 Padded Archer Armor
32:44 Bloodlines
32:35 Husbandry
33:02 Light Cavalry
33:49 Scale Barding Armor
35:13 Chain Barding Armor
35:03 Forging
39:22 Imperial Age
38:43 Iron Casting
40:50 Plate Barding Armor
40:55 Cavalier
43:23 Hand Cart
Connection lost

Rejoining the realm…

Still unreachable

The connection could not be restored.

Session expired

The server has moved on; the page needs a fresh start.